 Dungeon Crawl Stone Soup version 0.21-a0-110-g8e1637b (webtiles) character file.

2414 Leszczynek the Grappler (level 9, -11/87 (89) HPs)
             Began as an Ogre Transmuter on July 10, 2017.
             Was a Follower of Cheibriados.
             Mangled by Urug
             ... wielding a +2 broad axe of electrocution
              (12 damage)
             ... on level 10 of the Dungeon.
             The game lasted 00:28:33 (4042 turns).

Leszczynek the Grappler (Ogre Transmuter)           Turns: 4042, Time: 00:28:34

HP:   -11/87 (89)   AC:  4    Str: 19    XL:     9   Next: 47%
MP:   12/12         EV: 20    Int: 18    God:    Cheibriados [*.....]
Gold: 303           SH:  0    Dex: 19    Spells: 6/12 levels left

rFire    + . .     SeeInvis .     - Unarmed
rCold    + . .     Gourm    .   (shield currently unavailable)
rNeg     . . .     Faith    .   (armour currently unavailable)
rPois    .         Spirit   .   (helmet currently unavailable)
rElec    +         Reflect  .   (cloak currently unavailable)
rCorr    +         Harm     .   (gloves unavailable)
MR       .....                  (boots unavailable)
Stlth    ++........             (no amulet)
HPRegen  0.00/turn              n - +2 ring of protection
MPRegen  0.13/turn              (no ring)

@: spider-form (expiring), resistant, very slow
A: unfitting armour, mutation resistance 1, inhibited regeneration
a: End Transformation, Bend Time, Renounce Religion


You were on level 10 of the Dungeon.
You worshipped Cheibriados.
Cheibriados was aware of your devotion.
You were not hungry.
You were a venomous arachnid creature.
You visited 2 branches of the dungeon, and saw 11 of its levels.

You collected 303 gold pieces.

Inventory:

Hand Weapons
 a - a +2 dagger of venom
 f - a +2 spear of flaming
Missiles
 j - 62 arrows
 k - 5 javelins (quivered)
 w - 8 tomahawks
Armour
 b - a +1 robe (melded)
 r - a scarf of spirit shield
 u - a cursed +0 shield
Jewellery
 n - a +2 ring of protection (left front leg)
Wands
 q - a wand of polymorph (15/24)
 B - a wand of confusion (48/48)
Scrolls
 e - 2 scrolls of fog
 h - a scroll of enchant weapon
 p - a scroll of recharging
 s - 2 scrolls of enchant armour
 y - 2 scrolls of remove curse {@r2}
Potions
 x - a potion of degeneration {unknown}
 z - a potion of mutation {unknown}
Books
 c - a book of Changes

   Spells                             Type                      Level
   a - Beastly Appendage              Transmutation                1
   b - Sticks to Snakes               Transmutation                2
   c - Spider Form                    Transmutation/Poison         3
   d - Ice Form                       Ice/Transmutation            4
   e - Blade Hands                    Transmutation                5
 t - a book of Geomancy

   Spells                             Type                      Level
   a - Sandblast                      Earth                        1
   b - Passwall                       Transmutation/Earth          2
   c - Stone Arrow                    Conjuration/Earth            3
   d - Petrify                        Transmutation/Earth          4
   e - Lee's Rapid Deconstruction     Earth                        5
Comestibles
 d - 7 bread rations
 g - 3 chunks of flesh
 l - 3 fruits
 o - 5 meat rations


   Skills:
 - Level 6.2 Fighting
 + Level 1.9 Dodging
 - Level 10.0 Unarmed Combat
 - Level 2.4 Spellcasting
 + Level 4.3 Transmutations
 - Level 1.0 Poison Magic


You had 6 spell levels left.
You knew the following spells:

 Your Spells              Type           Power        Failure   Level  Hunger
a - Beastly Appendage     Tmut           ###...       10%         1    #......
b - Sticks to Snakes      Tmut           ###.....     13%         2    ##.....
c - Spider Form           Tmut/Pois      ##........   36%         3    ###....


Dungeon Overview and Level Annotations

Branches:
Dungeon (10/15)            Temple (1/1) D:6
   Lair: D:8-11         Orc: D:9-12

Altars:
Ashenzari
Cheibriados
Dithmenos
Elyvilon
Fedhas
Gozag
Hepliaklqana
Kikubaaqudgha
Nemelex Xobeh
Qazlal
Ru
Vehumet
Wu Jian
Xom
Yredelemnul
Zin

Annotations:
D:2 Sigmund
D:8 Erica
D:10 Urug


Innate Abilities, Weirdness & Mutations

You are too large for most types of armour.
((You have tough skin. (AC +1)))
You are somewhat resistant to further mutation.
You do not regenerate when monsters are visible.


Message History

Your transformation is almost over.
Urug misses you. The orc misses you.
You barely miss Urug.
Urug is heavily wounded.
Urug hits you with a broad axe of electrocution!
* * * LOW HITPOINT WARNING * * *
You hit Urug but do no damage.
Urug is heavily wounded.
The orc hits you with a falchion.
* * * LOW HITPOINT WARNING * * *
You bite Urug!
Urug looks as sick as possible!
Urug is severely wounded.
The orc barely misses you.
Urug hits you with a broad axe of electrocution.
* * * LOW HITPOINT WARNING * * *
Unknown command.
It was a potion of magic.
Magic courses through your body. The orc closely misses you.
Urug hits you with a broad axe of electrocution!
You die...

#.... # #....
..
..#....######.#
.o...........
...:......#
####.....#
#...#....#
#.#.oo[..#
#..#s)...#
#........#####
#..#........%.
#...........#⌠
#...........##
#.............
#.............
#........<....
#.............


You could see Urug and an orc.

Vanquished Creatures
  A hippogriff (D:9)
  A spriggan (D:7)
  3 porcupines (D:8)
  A sky beast (D:7)
  An ice beast (D:9)
  2 necrophages
  A centaur (D:5)
  An ogre (D:6)
  2 bullfrogs
  A scorpion (D:8)
  4 killer bees (D:7)
  A howler monkey (D:7)
  2 centaur zombies
  A bullfrog zombie (D:7)
  A hound (D:5)
  2 centaur skeletons
  An iron imp (D:8)
  An iguana (D:5)
  4 orc wizards
  2 worker ants
  A hound skeleton (D:4)
  Robin (D:2)
  3 gnolls
  5 adders
  An ooze (D:4)
  An adder zombie (D:6)
  2 worms
  5 leopard geckos
  21 orcs
  A ball python (D:1)
  5 bats
  4 giant cockroaches
  12 goblins
  8 hobgoblins
  2 jackals
  A quokka (D:9)
  2 frilled lizards
  2 kobolds
  6 rats
116 creatures vanquished.

Vanquished Creatures (collateral kills)
  A bullfrog skeleton (D:5)
  A killer bee zombie (D:6)
  A gnoll (D:6)
  2 adders (D:2)
  3 goblins (D:2)
  A jackal (D:6)
9 creatures vanquished.

Grand Total: 125 creatures vanquished

Notes
Turn   | Place    | Note
-------+----------+-------------------------------------------
     0 | D:1      | Leszczynek the Ogre Transmuter began the quest for the Orb.
     0 | D:1      | Reached XP level 1. HP: 19/19 MP: 3/3
    78 | D:2      | Noticed Robin
   137 | D:2      | Reached skill level 3 in Unarmed Combat
   213 | D:2      | Reached XP level 2. HP: 9/27 MP: 1/5
   463 | D:1      | Learned a level 2 spell: Sticks to Snakes
   878 | D:3      | Reached XP level 3. HP: 29/33 MP: 6/6
  1093 | D:2      | Noticed Sigmund
  1182 | D:2      | Reached skill level 4 in Unarmed Combat
  1184 | D:2      | Killed Robin
  1207 | D:2      | Reached XP level 4. HP: 34/41 MP: 5/7
  1220 | D:2      | Learned a level 3 spell: Spider Form
  1266 | D:2      | Reached skill level 2 in Transmutations
  1504 | D:2      | Found a white marble altar of Elyvilon.
  1509 | D:2      | Found a blossoming altar of Fedhas.
  1511 | D:2      | Found a radiant altar of Vehumet.
  1625 | D:3      | Reached skill level 1 in Poison Magic
  1804 | D:4      | Reached XP level 5. HP: 42/48 MP: 8/8
  1841 | D:4      | Reached skill level 3 in Transmutations
  1906 | D:5      | Entered Level 5 of the Dungeon
  1942 | D:5      | Found a shimmering altar of Xom.
  2010 | D:5      | Noticed a centaur
  2028 | D:5      | Killed a centaur
  2028 | D:5      | Reached skill level 5 in Unarmed Combat
  2028 | D:5      | Reached XP level 6. HP: 32/55 MP: 5/9
  2321 | D:6      | Found a staircase to the Ecumenical Temple.
  2342 | Temple   | Entered the Ecumenical Temple
  2613 | D:7      | Reached skill level 6 in Unarmed Combat
  2666 | D:7      | Reached skill level 2 in Fighting
  2675 | D:7      | HP: 5/57 [something/magic dart (8)]
  2903 | D:6      | Reached skill level 3 in Fighting
  2935 | D:6      | Reached XP level 7. HP: 52/67 MP: 5/10
  2982 | D:6      | Reached skill level 4 in Fighting
  3189 | D:7      | Reached skill level 7 in Unarmed Combat
  3236 | D:8      | Noticed Erica
  3271 | D:8      | Found a snail-covered altar of Cheibriados.
  3286 | D:8      | Became a worshipper of Cheibriados the Contemplative
  3287 | D:8      | finally
  3421 | D:7      | Reached XP level 8. HP: 63/77 MP: 5/11
  3430 | D:7      | Gained mutation: You are somewhat resistant to further mutation. [mutagenic meat]
  3432 | D:7      | Gained mutation: You do not regenerate when monsters are visible. [mutagenic meat]
  3585 | D:8      | Reached skill level 8 in Unarmed Combat
  3613 | D:7      | Noticed a spriggan baker
  3618 | D:7      | Killed a spriggan baker
  3618 | D:7      | Reached skill level 9 in Unarmed Combat
  3625 | D:7      | Reached * piety under Cheibriados
  3726 | D:7      | Reached XP level 9. HP: 47/82 MP: 6/12
  3739 | D:7      | Reached skill level 10 in Unarmed Combat
  3909 | D:9      | Reached skill level 5 in Fighting
  3990 | D:10     | Entered Level 10 of the Dungeon
  4006 | D:10     | Reached skill level 6 in Fighting
  4006 | D:10     | Reached skill level 4 in Transmutations
  4029 | D:10     | Noticed Urug
  4039 | D:10     | HP: 11/87 [Urug/broad axe of electrocution (12)]
  4041 | D:10     | HP: 1/87 [Urug/broad axe of electrocution (6)]
  4042 | D:10     | Mangled by Urug

Vault maps used:
D:1:      lemuel_arrival_hallway
D:2:      nicolae_overflow_hidden_temple, first_bread,
          chequers_ecumenical_altar_grove, minmay_misc_feat_iff,
          minmay_tiny_reverse_x, uniq_sigmund, uniq_crazy_yiuf_cottage,
          uniq_robin
D:3:      minmay_randomly_rotated_circles, uniq_natasha
D:4:      serial_shops, kennysheep_mini
D:5:      old_standard_altar, led_sif_pool
D:6:      kennysheep_windowed_halls, minmay_temple_entry_trees
D:7:      minmay_misc_feat_cross, the_bakery
D:8:      slow_altar_2, kennysheep_little_box, eat_drink_and_be_merry_uskayaw,
          tso_altar, grunt_lair_entry_orc_guard_hut, okawaru_metal_pillars_1_2,
          uniq_grum, uniq_erica
D:10:     erik_orc_3, evilmike_ruin_ashenzari, uniq_urug, uniq_sonja,
          uniq_harold
Temple:   minmay_temple_curvy_loop

Skill      XL: |  1  2  3  4  5  6  7  8  9 |
---------------+----------------------------+-----
Unarmed Combat | 3 4 5 6 7 9 10 | 10.0
Transmutations | 2 3 4 |  4.3
Poison Magic   | 1 |  1.0
Fighting       | 3 4 6 |  6.2
Dodging        | |  1.9
Spellcasting   | |  2.4

Action                   |  1- 3 |  4- 6 |  7- 9 || total
-------------------------+-------+-------+-------++-------
Melee: Unarmed           |   127 |    22 |   137 ||   286
       Kick              |     6 |       |       ||     6
       Headbutt          |     2 |       |       ||     2
       Dagger            |       |   165 |    53 ||   218
       Punch             |       |     1 |     5 ||     6
 Cast: Beastly Appendage |    10 |     1 |       ||    11
       Sticks to Snakes  |     5 |    13 |     4 ||    22
       Spider Form       |       |       |    13 ||    13
 Abil: End Transformatio |       |       |     2 ||     2
  Use: Scroll            |     4 |       |     4 ||     8
       Potion            |       |     3 |     3 ||     6
 Stab: Sleeping          |       |       |     1 ||     1
  Eat: Chunk             |     2 |     7 |    10 ||    19
Armor: Robe              |    44 |    74 |    24 ||   142
       Skin              |       |       |     6 ||     6
Dodge: Dodged            |    60 |   110 |   111 ||   281
